AoeStats
← demcurry30

Arena

509982809Analyzed
1v1 RM · 4d ago on Sep 28, 2026· 39m 58s· 2 players
Game mode
Random Map
Map size
Tiny (2 player)
Population
200
Speed
Normal
Resources
Standard
Victory
Conquest
Starting age
Dark Age
Ending age
Imperial Age
RankedLock teamsTeams togetherTeam positionsShared explorationLock speedFull tech treeHidden civsTurbo modeCheats
Victory
Defeat
🇨🇱 Goths · Chile
1037
+14
🇦🇷 Franks · Argentina
1000
-42
demcurry30
11:44 Feudal Age
12:12 Double-Bit Axe
14:49 Scale Barding Armor
14:56 Forging
15:42 Wheelbarrow
17:56 Gold Mining
22:45 Castle Age
22:45 Loom
24:45 Hand Cart
27:40 Bow Saw
28:16 Gold Shaft Mining
33:04 Imperial Age
31:16 Husbandry
32:59 Chain Barding Armor
33:15 Iron Casting
32:43 Scale Mail Armor
34:01 Town Watch
34:20 Stone Mining
33:57 Cavalier
36:10 Blast Furnace
NPG | CanuTo SionisTa
10:49 Feudal Age
9:18 Loom
14:32 Castle Age
13:34 Double-Bit Axe
13:33 Horse Collar
15:36 Bow Saw
21:47 Loom
24:52 Fervor
25:00 Heavy Plow
25:40 Wheelbarrow
27:00 Gold Mining
28:16 Stone Mining
29:35 Stone Shaft Mining
30:23 Hand Cart
30:27 Treadmill Crane
33:21 Imperial Age
30:37 Town Watch
31:42 Scale Mail Armor
31:53 Forging
32:20 Anarchy
31:45 Pikeman
32:26 Squires
31:47 Man-at-Arms
32:43 Masonry
32:28 Long Swordsman
33:12 Anarchy
33:21 Two-Handed Swordsman
34:25 Conscription
34:17 Perfusion
35:29 Two-Man Saw
34:11 Champion
35:27 Chain Mail Armor
35:48 Iron Casting
39:07 Spies/Treason
Connection lost

Rejoining the realm…

Still unreachable

The connection could not be restored.

Session expired

The server has moved on; the page needs a fresh start.